 Dungeon Crawl Stone Soup version 0.27.1 (webtiles) character file.

Game seed: 5374067331736585825

69 hawla the Sneak (level 4, 0/27 HPs)
             Began as a Deep Elf Delver on Aug 22, 2021.
             Splashed by Ijyb's acid (9 damage)
             ... on level 3 of the Dungeon.
             The game lasted 00:05:20 (2365 turns).

hawla the Sneak (Deep Elf Delver)                   Turns: 2365, Time: 00:05:20

Health: 0/27       AC:  4    Str:  9    XL:     4   Next: 2%
Magic:  6/6        EV: 12    Int: 16    God:
Gold:   109        SH:  0    Dex: 16    Spells: 3/3 levels left

rFire    . . .     SeeInvis .   o - +2 short sword (venom)
rCold    . . .     Faith    .   (no shield)
rNeg     . . .     Spirit   .   b - +0 leather armour
rPois    .         Reflect  .   (no helmet)
rElec    .         Harm     .   n - +0 cloak
rCorr    .         Rampage  .   (no gloves)
Will     .....                  (no boots)
Stlth    +++.......             (no amulet)
HPRegen  0.09/turn              e - ring of wizardry
MPRegen  0.10/turn              (no ring)

@: no status effects
A: no striking features
a: no special abilities


You were on level 3 of the Dungeon.
You visited 1 branch of the dungeon, and saw 5 of its levels.

You collected 109 gold pieces.

Inventory:

Hand Weapons
 o - a +2 short sword of venom (weapon)
Missiles
 l - 3 javelins (quivered)
Armour
 b - a +0 leather armour (worn)
 n - a +0 cloak (worn)
Jewellery
 e - a ring of wizardry (left hand)
Wands
 g - a wand of digging (3)
Scrolls
 a - a scroll of identify
 c - a scroll of fog
 d - a scroll of magic mapping
 h - 3 scrolls of enchant armour {unknown}
 i - a scroll of vulnerability {unknown}
 m - 3 scrolls of enchant weapon {unknown}
Potions
 f - 2 potions of haste
 j - 2 potions of cancellation {unknown}
 k - a potion of attraction {unknown}


   Skills:
 + Level 2.7 Fighting
 + Level 2.7 Short Blades
 + Level 2.8 Dodging
 + Level 7.0 Stealth


You had 3 spell levels left.
You didn't know any spells.
Your spell library was empty.

Dungeon Overview and Level Annotations

Branches:
Dungeon (5/15)
 Temple: D:4-7

Altars:

Annotations:
D:3 Ijyb


Message History

Things that are here:
a +0 short sword; a scroll of identify You hit the frilled lizard.
You kill the frilled lizard!
The quokka bites you. x2
You closely miss the quokka. The quokka barely misses you.
You hit the quokka.
The quokka is poisoned.
The quokka is heavily wounded.
You kill the quokka!
You have reached level 4!
You feel clever.
HP restored.
a - a scroll of identify You see here a +0 short sword.
A hobgoblin comes into view.
The hobgoblin shouts!
A hobgoblin is nearby!
A hobgoblin is nearby!
A hobgoblin is nearby!
The hobgoblin hits you.
You hit the hobgoblin.
You kill the hobgoblin!
No target in view!
A frilled lizard comes into view.
A frilled lizard is nearby!
A frilled lizard is nearby!
A frilled lizard is nearby!
A frilled lizard is nearby!
The frilled lizard hisses angrily.
You hear a shout!
Ijyb the Twisted Goblin comes into view.
She is wielding a +0 dagger and carrying a wand of acid (9).
The frilled lizard unfolds its giant frill.
Ijyb zaps a wand.
The bolt of acid hits the frilled lizard!
The frilled lizard is splashed with acid.
The acid corrodes the frilled lizard!
The frilled lizard dies!
The bolt of acid hits you!!
Ouch! That really hurt!
You are splashed with acid!
You die...

........#.#.....†.......
........#.####..........
.......................
.....##.####..........
#'## #.#........#####
##...##.#.########
#.......#...#
#.......#.#.#
#....@..#.#.#
#....†..#.#.#
#.......#.#.# #
####.##.#...# # ..
..###.# # .g. .# #.# #
... .# #.# # .... #.# #
#.# #


You could see Ijyb.

Vanquished Creatures
  Natasha (D:2)
  2 dart slugs (D:2)
  2 bats
  4 endoplasms
  2 giant cockroaches (D:1)
  A goblin (D:2)
  6 hobgoblins
  2 kobolds
  3 quokkas
  5 ball pythons
  7 frilled lizards
  2 rats
37 creatures vanquished.

Vanquished Creatures (others)
  A frilled lizard (D:3)
1 creature vanquished.

Grand Total: 38 creatures vanquished

Notes
Turn   | Place    | Note
-------+----------+-------------------------------------------
     0 | D:5      | hawla the Deep Elf Delver began the quest for the Orb.
     0 | D:5      | Reached XP level 1. HP: 13/13 MP: 3/3
    19 | D:5      | Noticed an orc wizard
   223 | D:4      | Noticed an orc priest
   510 | D:1      | Reached XP level 2. HP: 18/18 MP: 4/4
   562 | D:1      | Found a faded altar of an unknown god.
  1686 | D:2      | Reached XP level 3. HP: 22/22 MP: 5/5
  2109 | D:2      | Noticed Natasha
  2128 | D:2      | Killed Natasha
  2179 | D:3      | Reached skill level 7 in Stealth
  2197 | D:3      | Reached XP level 4. HP: 24/27 MP: 6/6
  2364 | D:3      | Noticed Ijyb
  2365 | D:3      | Splashed by Ijyb's acid

Illustrated notes

Levels and vault maps discovered:
D:1:      minmay_arrival_widening_spiral_wide, layout_rooms,
          serial_co_window_serial, co_window_paths_a, co_window_corner_a,
          co_window_paths_b, co_window_corner_a, co_window_paths_b,
          co_window_of_opportunity_b, co_window_cross_2, co_window_broadway_a,
          glass_columns_a, glass_columns_a, glass_columns_a,
          hellmonk_ecumenical_altar_heavens_door, minmay_misc_feat_rugged
D:2:      layout_rooms, uniq_natasha
D:3:      layout_basic, uniq_ijyb, uniq_terence
D:4:      layout_basic, chequers_garden, hangedman_decor_clover_reticule,
          corexii_mini_fake_secret_closet, nicolae_elemental_shop,
          minmay_gold_behind_fungi, uniq_grinder
D:5:      layout_loops_ring, kennysheep_flooded_box

Skill      XL: |  1  2  3 |
---------------+----------+-----
Stealth        | 7 |  7.0
Fighting       | |  2.7
Short Blades   | |  2.7
Dodging        | |  2.8

Action                   |  1- 3 |  4- 6 || total
-------------------------+-------+-------++-------
Melee: Short sword       |    98 |     1 ||    99
Throw: Javelin           |     1 |       ||     1
  Use: Potion            |     4 |       ||     4
       Scroll            |     2 |       ||     2
 Stab: Sleeping          |     8 |       ||     8
Armor: Leather armour    |    15 |       ||    15
Dodge: Dodged            |    61 |       ||    61
